 Dungeon Crawl Stone Soup version 0.28.0-53-g5a82cb258f (webtiles) character file.

Game seed: 8239406602519240450

149 Sin92 the Skirmisher (level 5, -3/46 HPs)
             Began as a Draconian Fighter on June 5, 2022.
             Slain by a hornet zombie (5 damage)
             ... on level 4 of the Dungeon.
             The game lasted 00:02:28 (2890 turns).

Sin92 the Skirmisher (Draconian Fighter)            Turns: 2890, Time: 00:02:28

Health: -3/46      AC:  5    Str: 20    XL:     5   Next: 9%
Magic:  5/5        EV: 12    Int:  9    God:
Gold:   133        SH:  6    Dex: 10    Spells: 4/4 levels left

rFire   . . .      SeeInvis .   a - +0 war axe
rCold   . . .      Faith    .   b - +2 buckler
rNeg    . . .      Spirit   .   (armour unavailable)
rPois   .          Reflect  .   (helmet restricted)
rElec   .          Harm     .   (no cloak)
rCorr   .          Rampage  .   (no gloves)
Will    .....                   (no boots)
Stlth   +.........              (no amulet)
HPRegen 0.15/turn               (no ring)
MPRegen 0.09/turn               (no ring)

@: mighty
A: AC +5, unfitting armour, cold-blooded
a: no special abilities


You were on level 4 of the Dungeon.
You visited 1 branch of the dungeon, and saw 4 of its levels.

You collected 133 gold pieces.

Inventory:

Hand Weapons
 a - a +0 war axe (weapon)
Armour
 b - a +2 buckler (worn)
Jewellery
 f - a +6 ring of intelligence
Scrolls
 h - a scroll of fear
Potions
 c - a potion of might
 e - a potion of magic {unknown}
 g - a potion of curing {unknown}
 i - 2 potions of heal wounds
 j - a potion of flight
 l - a potion of attraction {unknown}


   Skills:
 + Level 4.1 Fighting
 + Level 2.9(3.1) Axes
 + Level 1.7(2.6) Polearms
 + Level 3.3 Dodging
 + Level 3.7 Shields


You had 4 spell levels left.
You didn't know any spells.
Your spell library was empty.

Dungeon Overview and Level Annotations

Branches:
Dungeon (4/15)
 Temple: D:4-7

Altars:
The Shining One

Shops:
D:1 (


Innate Abilities, Weirdness & Mutations

Your plain brown scales are hard. (AC +5)
You cannot fit into any form of body armour.
You are cold-blooded and may be slowed by cold attacks.


Message History

You barely miss the hornet zombie.
Your tail-slap misses the hornet zombie.
The hornet zombie is heavily damaged.
You hit the centaur skeleton. The centaur skeleton misses you.
The centaur skeleton barely misses you. You block the hornet zombie's attack.
The centaur skeleton barely misses you.
The centaur skeleton kicks you but does no damage.
The hornet zombie hits you!
* * * LOW HITPOINT WARNING * * *
You barely miss the hornet zombie.
The hornet zombie is heavily damaged.
You hit the centaur skeleton. The centaur skeleton hits you.
* * * LOW HITPOINT WARNING * * *
The centaur skeleton kicks you but does no damage.
The hornet zombie barely misses you.
The centaur skeleton hits you but does no damage.
The centaur skeleton kicks you but does no damage.
The hornet zombie completely misses you.
A jackal zombie comes into view.
You hit the hornet zombie but do no damage.
The hornet zombie is heavily damaged.
You hit the centaur skeleton. The centaur skeleton misses you. x2
You block the hornet zombie's attack.
The centaur skeleton hits you but does no damage.
You block the centaur skeleton's attack.
The hornet zombie closely misses you.
You feel very mighty all of a sudden.
You block the centaur skeleton's attack.
The centaur skeleton barely misses you. The hornet zombie closely misses you.
You hit the hornet zombie.
The hornet zombie is severely damaged.
You slash the centaur skeleton!
The centaur skeleton hits you but does no damage.
The centaur skeleton kicks you but does no damage.
The hornet zombie hits you!
* * * LOW HITPOINT WARNING * * *
You block the centaur skeleton's attack.
The centaur skeleton closely misses you.
The hornet zombie hits you.
You die...

##.P.♣♣♣
......P
##...P. ♣
..... .♣
#.#.# .. P
##.#.#"#PP.
##.†.......#
#..Z@...#
#...#Z###
#...#Z#
#...#.#
#...#.#
#...#..
.[.....
##...##.


You could see a jackal zombie, a hornet zombie and a centaur skeleton.

Vanquished Creatures
  An orc wizard (D:3)
  3 gnolls (D:3)
  A howler monkey skeleton (D:4)
  An adder (D:3)
  2 worms (D:2)
  2 dart slugs
  5 orcs (D:3)
  5 ball pythons
  7 endoplasms
  A giant cockroach (D:1)
  2 hobgoblins
  4 quokkas
  7 bats
  5 frilled lizards
  5 goblins
  5 kobolds
  6 rats
62 creatures vanquished.

Notes
Turn   | Place    | Note
-------+----------+-------------------------------------------
     0 | D:1      | Sin92 the Draconian Fighter began the quest for the Orb.
     0 | D:1      | Reached XP level 1. HP: 19/19 MP: 1/1
    24 | D:1      | Found Susk's Antique Weapon Emporium.
   220 | D:1      | Reached XP level 2. HP: 16/26 MP: 2/2
  1092 | D:2      | Reached XP level 3. HP: 31/31 MP: 3/3
  1309 | D:2      | Reached skill level 1 in Polearms
  1808 | D:3      | Found a glowing golden altar of the Shining One.
  1820 | D:3      | Reached XP level 4. HP: 8/40 MP: 4/4
  2095 | D:3      | Reached skill level 4 in Fighting
  2436 | D:3      | Found a faded altar of an unknown god.
  2762 | D:3      | Reached XP level 5. HP: 46/46 MP: 5/5
  2890 | D:4      | HP: 2/46 [hornet zombie (7)]
  2890 | D:4      | Slain by a hornet zombie

Illustrated notes

Levels and vault maps discovered:
D:1:      dpeg_arrival_more_subterranean_lakeside_camping, layout_loops_ring,
          serial_shops, shop_statue
D:2:      layout_rooms, roderic_serpentine_path
D:3:      layout_loops_ring, serial_glass, glass_columns_a, glass_columns_a,
          ebering_ecumenical_altar_hall, minivault_27, kennysheep_flooded_box
D:4:      layout_loops_ring, serial_forest, infiniplex_forest_lined_room_,
          infiniplex_forest_end_1, infiniplex_forest_split,
          infiniplex_forest_clump_cross, infiniplex_forest_straight_2,
          infiniplex_forest_clump_tiny, enter_ossuary_3

Skill      XL: |  1  2  3  4 |
---------------+-------------+-----
Dodging        | 3 |  3.3
Polearms       | 1 |  1.7
Fighting       | 4 |  4.1
Axes           | |  2.9
Shields        | |  3.7

Action                   |  1- 3 |  4- 6 || total
-------------------------+-------+-------++-------
Melee: War axe           |   114 |    54 ||   168
       Tailslap          |     9 |     3 ||    12
  Use: Scroll            |     2 |     4 ||     6
       Potion            |       |     1 ||     1
 Stab: Sleeping          |     3 |       ||     3
Armor: Skin              |    30 |    15 ||    45
Dodge: Dodged            |    84 |    40 ||   124
Block: Buckler           |    20 |    16 ||    36
